 Dungeon Crawl Stone Soup version 0.28-a0-1234-g826d19b2e0 (webtiles) character file.

Game seed: 1693431964954030838

8250 Conn the Arsonist (level 11, -4/64 HPs)
             Began as an Octopode Fire Elementalist on Dec 24, 2021.
             Was a Follower of Sif Muna.
             Slain by Fannar (11 damage)
             ... on level 10 of the Dungeon.
             The game lasted 00:32:50 (13579 turns).

Conn the Arsonist (Octopode Fire Elementalist)     Turns: 13579, Time: 00:32:52

Health: -4/64      AC:  5    Str: 14    XL:     11   Next: 27%
Magic:  12/24      EV: 14    Int: 26    God:    Sif Muna [*.....]
Gold:   366        SH:  5    Dex: 12    Spells: 15/28 levels left

rFire   . . .      SeeInvis .   C - +2 short sword (spect)
rCold   . . .      Faith    .   i - +2 buckler {reflect}
rNeg    + . .      Spirit   .   (helmet restricted)
rPois   .          Reflect  +   (no amulet)
rElec   .          Harm     .   l - ring of positive energy
rCorr   .          Rampage  .   p - +6 ring of strength
Will    .....      Rage     1%  q - +4 ring of protection
Stlth   ++++......              (no ring)
HPRegen 0.20/turn               (no ring)
MPRegen 0.19/turn               (no ring)
                                (no ring)
                                (no ring)

@: no status effects
A: almost no armour, amphibious, 8 rings, camouflage 1, gelatinous body 1,
(nimble swimmer 1), tentacles, antennae 1, berserk 1, clever 2
a: Renounce Religion, Channel Magic


You were on level 10 of the Dungeon.
You worshipped Sif Muna.
Sif Muna was aware of your devotion.
You visited 2 branches of the dungeon, and saw 11 of its levels.
You also visited: Sewer and Ossuary.

You collected 471 gold pieces.
You spent 105 gold pieces at shops.

Inventory:

Hand Weapons
 o - a +0 dagger
 x - the +8 quarterstaff of Gozag's Anger {venom, rPois}
   (You found it on level 8 of the Dungeon)

   It poisons the flesh of those it strikes.
   rPois:     It protects you from poison.
 C - a +2 spectral short sword (weapon)
Missiles
 u - a curare-tipped dart
Armour
 i - a +2 buckler of reflection (worn)
Jewellery
 d - a ring of protection from fire
 l - a ring of positive energy (left tentacle)
 p - a +6 ring of strength (right tentacle)
 q - a +4 ring of protection (on tentacle)
Wands
 A - a wand of mindburst (26)
 B - a wand of digging (5)
 D - a wand of flame (67)
 E - a wand of iceblast (13)
Scrolls
 b - a scroll of fog
 k - 7 scrolls of immolation
 y - a scroll of fear
 z - 2 scrolls of teleportation
 G - 3 scrolls of identify
Potions
 a - 5 potions of mutation
 c - 2 potions of brilliance
 e - 2 potions of lignification
 f - 3 potions of heal wounds
 g - 3 potions of attraction
 r - 2 potions of magic
 s - 3 potions of resistance
 t - 3 potions of haste
 v - 2 potions of cancellation
 w - a potion of berserk rage
 F - 6 potions of curing
 J - a potion of flight


   Skills:
 + Level 2.1 Fighting
 + Level 4.1 Short Blades
 + Level 4.5 Dodging
 + Level 6.0 Stealth
 + Level 1.2 Shields
 + Level 9.3 Spellcasting
 + Level 7.5 Conjurations
 + Level 2.0 Hexes
 + Level 9.4 Fire Magic
 + Level 0.3 Invocations
 + Level 1.2 Evocations


You had 15 spell levels left.
You knew the following spells:

 Your Spells              Type           Power      Damage    Failure   Level
a - Foxfire               Conj/Fire      100%       2x1d9     1%          1
b - Conjure Flame         Conj/Fire      54%        6-21      1%          3
c - Inner Flame           Hex/Fire       41%        N/A       1%          3
d - Flame Wave            Conj/Fire      54%        2d9       2%          4
e - Scorch                Fire           100%       2d10      1%          2

Your spell library contained the following spells:

 Spells                   Type           Power      Damage    Failure   Level
 Petrify                  Tmut/Erth      12%        N/A       56%         4
 Metabolic Englaciation   Hex/Ice        8%         N/A       78%         5
 Statue Form              Tmut/Erth      8%         N/A       100%        6


Dungeon Overview and Level Annotations

Branches:
Dungeon (10/15)            Temple (1/1) D:6            Lair (0/6) D:10
  Sewer (visited)         Ossuary (visited)
    Orc: D:9-12

Altars:
Ashenzari
Cheibriados
Dithmenos
Elyvilon
Fedhas
Gozag
Hepliaklqana
Makhleb
Nemelex Xobeh
Okawaru
Qazlal
Ru
Sif Muna
Trog
Uskayaw
Vehumet
Wu Jian
Xom
Yredelemnul
Zin
The Shining One

Shops:
D:3 =   D:8 ?

Annotations:
D:2 Terence
D:8 niknal's ghost, journeyman DDFi
D:10 Fannar


Innate Abilities, Weirdness & Mutations

You cannot wear most types of armour.
You are amphibious.
You can wear up to eight rings at the same time.
Your skin changes colour to match your surroundings (Stealth+).
Your rubbery body absorbs attacks. (AC +1, EV +1)
((You are camouflaged when in or above water. (Stealth+)))
You have tentacles for arms and can constrict up to eight enemies at once.
You have a pair of small antennae on your head.
You tend to lose your temper in combat.
Your mind is very acute. (Int +4)


Message History

The ice beast barely misses you.
A wave of flame ripples out!
The flame wave engulfs the ice beast but does no damage.
The ice beast is severely wounded.
The flame wave engulfs Fannar!
Fannar is heavily wounded.
You finish channelling waves of flame.
Fannar casts a spell.
Fannar drains the heat from the surrounding environment!
The ice beast hits you. The ice beast freezes you!
Unknown command.
Casting: Flame Wave (dangerous; 2% risk of failure)
Confirm with . or Enter, or press ? or * to list all spells.
Casting: Flame Wave (dangerous; 2% risk of failure)
Press: ? - help, Dir - look around, f - activate A wave of flame ripples out!
The flame wave engulfs the ice beast.
The ice beast melts!
The ice beast is almost dead.
The flame wave engulfs Fannar.
Fannar is heavily wounded. (Press . to intensify the flame waves.) Fannar misses you.
The ice beast barely misses you.
A wave of flame ripples out!
The flame wave engulfs the ice beast!!
The ice beast melts!
You kill the ice beast!
The ice beast disappears in a puff of smoke!
The flame wave engulfs Fannar!
Fannar is heavily wounded.
Fannar mumbles some strange words.
Fannar drains the heat from the surrounding environment!
* * * LOW HITPOINT WARNING * * *
Unknown command.
Casting: Flame Wave (dangerous; 2% risk of failure)
Confirm with . or Enter, or press ? or * to list all spells.
Flames lash Fannar.
Fannar is severely wounded.
Fannar's fire resistance burns away.
Fannar hits you with a staff of cold.
* * * LOW HITPOINT WARNING * * *
Fannar freezes you!
You die...

)## #.# ##
#(# # #.# #
#.# ### #.#
....
##.#####
####
#......#
###......#
..
.......ยง@e#
##
####......#
#......#
....######
###. #. # ..
...


You could see Fannar (combustible).

Vanquished Creatures
  Erica (D:8)
  A two-headed ogre (D:8)
  An elephant (D:10)
  A kobold demonologist (D:9)
  Grinder (D:5)
  A hornet (D:8)
  A yak (D:8)
  6 wyverns
  A basilisk (D:10)
  A steam dragon (D:6)
  An acid dragon (D:8)
  5 water moccasins
  A black bear (D:10)
  An ice beast (D:5)
  2 orc warriors
  2 sky beasts
  2 necrophages (D:5)
  3 ogres (D:8)
  5 centaurs
  4 kobold brigands
  4 elf zombies (Ossuary)
  A gnoll sergeant (D:7)
  A bullfrog (D:7)
  A wyvern zombie (D:8)
  2 scorpions
  3 water moccasin skeletons
  A howler monkey (D:5)
  6 jellies
  5 centaur zombies
  4 human zombies (Ossuary)
  6 orc priests
  Crazy Yiuf (D:6)
  A centaur skeleton (D:5)
  A gnoll shaman (D:6)
  3 iguanas
  8 orc wizards
  A killer bee zombie (D:5)
  3 mummies (Ossuary)
  6 gnolls
  6 river rats (Sewer)
  10 adders
  A shadow imp (D:5)
  An adder zombie (D:5)
  An adder skeleton (D:4)
  A dart slug (D:4)
  20 orcs
  4 bats
  An endoplasm (D:2)
  5 giant cockroaches
  3 goblins
  5 hobgoblins
  15 kobolds
  3 quokkas
  9 ball pythons
  8 frilled lizards
  22 rats
214 creatures vanquished.

Vanquished Creatures (collateral kills)
  An orc warrior (D:8)
  2 orcs (D:8)
  A foxfire (D:10)
4 creatures vanquished.

Vanquished Creatures (others)
  791 foxfires
  A fungus (D:10)
  A plant (D:10)
793 creatures vanquished.

Grand Total: 1011 creatures vanquished

Notes
Turn   | Place    | Note
-------+----------+-------------------------------------------
     0 | D:1      | Conn the Octopode Fire Elementalist began the quest for the
                  | Orb.
     0 | D:1      | Reached XP level 1. HP: 11/11 MP: 3/3
    40 | D:1      | Found a faded altar of an unknown god.
   360 | D:1      | Reached XP level 2. HP: 12/17 MP: 1/5
   989 | D:2      | Noticed Terence
  1132 | D:2      | Reached XP level 3. HP: 11/21 MP: 0/6
  2203 | D:3      | Found a radiant altar of Vehumet.
  2295 | D:3      | Reached XP level 4. HP: 22/27 MP: 2/8
  2588 | D:3      | Found Ocsuin's Jewellery Boutique.
  3188 | D:4      | Found a glowing drain.
  3208 | Sewer    | Entered a sewer
  3282 | Sewer    | Reached XP level 5. HP: 31/31 MP: 2/9
  3557 | Sewer    | Noticed a kobold brigand
  3570 | Sewer    | Killed a kobold brigand
  3571 | Sewer    | Reached XP level 6. HP: 36/36 MP: 2/11
  4537 | D:4      | Reached XP level 7. HP: 41/41 MP: 9/13
  4591 | D:4      | Reached skill level 5 in Fire Magic
  5213 | D:4      | Learned a level 3 spell: Conjure Flame
  5217 | D:4      | Learned a level 3 spell: Inner Flame
  5222 | D:4      | Learned a level 4 spell: Flame Wave
  5225 | D:4      | Learned a level 2 spell: Scorch
  5231 | D:4      | Gained mutation: Your mind is acute. (Int +2) [potion of
                  | mutation]
  5231 | D:4      | Gained mutation: You tend to lose your temper in combat.
                  | [potion of mutation]
  5231 | D:4      | Gained mutation: You have a pair of small antennae on your
                  | head. [potion of mutation]
  5231 | D:4      | Gained mutation: Your mind is very acute. (Int +4) [potion
                  | of mutation]
  5342 | D:5      | Entered Level 5 of the Dungeon
  5591 | D:5      | Noticed Grinder
  5624 | D:5      | Killed Grinder
  5625 | D:5      | Reached XP level 8. HP: 42/47 MP: 6/15
  5819 | D:5      | Reached skill level 5 in Spellcasting
  6470 | D:5      | Reached skill level 5 in Conjurations
  7093 | D:6      | Reached skill level 5 in Stealth
  7205 | D:6      | Reached skill level 1 in Fighting
  7205 | D:6      | Reached skill level 1 in Hexes
  7205 | D:6      | Reached XP level 9. HP: 50/53 MP: 1/17
  7653 | D:6      | Found a staircase to the Ecumenical Temple.
  7659 | D:6      | Found a sand-covered staircase.
  7668 | Ossuary  | Entered an ossuary
  7920 | Ossuary  | Reached skill level 1 in Short Blades
  8237 | Temple   | Entered the Ecumenical Temple
  8489 | Temple   | Became a worshipper of Sif Muna the Loreminder
  8640 | D:6      | Found a runed translucent door.
  8641 | D:6      | Noticed Crazy Yiuf
  8657 | D:6      | Killed Crazy Yiuf
 10179 | D:8      | Reached XP level 10. HP: 58/58 MP: 15/20
 10330 | D:8      | Noticed Erica
 10344 | D:8      | Killed Erica
 10552 | D:8      | Found Rekhlinu's Magic Scroll Boutique.
 10596 | D:8      | Bought a scroll of blinking for 105 gold pieces
 10632 | D:8      | Reached * piety under Sif Muna
 10694 | D:8      | Identified a scroll of acquirement
 10694 | D:8      | Acquired a +2 buckler of reflection
 10701 | D:8      | Noticed niknal's ghost (journeyman DDFi)
 10707 | D:8      | Found a transporter.
 10711 | D:8      | Identified the +5 great mace "Oluuffa" {freeze, rF+}
 10736 | D:8      | Identified the +8 quarterstaff of Gozag's Anger {venom,
                  | rPois}
 10764 | D:8      | Noticed a two-headed ogre
 10773 | D:8      | Killed a two-headed ogre
 12250 | D:8      | Found a transporter.
 12270 | D:8      | Reached skill level 1 in Evocations
 12455 | D:9      | Reached XP level 11. HP: 64/64 MP: 14/24
 12579 | D:9      | Noticed a sixfirhy
 12580 | D:9      | HP: 3/64 [sixfirhy[a kobold demonologist] (12)]
 12586 | D:10     | Entered Level 10 of the Dungeon
 13102 | D:10     | Reached skill level 1 in Shields
 13207 | D:10     | Found a staircase to the Lair.
 13569 | D:10     | Noticed Fannar
 13579 | D:10     | Slain by Fannar

Illustrated notes

Levels and vault maps discovered:
D:1:      shiori_shiawase, layout_loops_cross, shapermc_ecumenical_altar_venn
D:2:      layout_basic, uniq_terence
D:3:      minmay_diamond_boxcup, layout_basic, nicolae_vehumet_radiance,
          serial_shops, shop
D:4:      layout_basic, portal_sewer_entry_a, minivault_23
D:5:      layout_gridville, uniq_grinder
D:6:      layout_basic, temple_fountains, enter_ossuary_1, kennysheep_dice,
          uniq_crazy_yiuf_cottage
D:7:      layout_rooms
D:8:      minmay_recursive_quarters, layout_layer_cave, gammafunk_ghost_smash,
          serial_shops, nicolae_shop_waterfront, uniq_erica
D:9:      layout_roguey, serial_shops, shop, hex_intersection
D:10:     layout_rooms, david_lair_generic, kb_lookout_dungeons_type,
          uniq_fannar, uniq_grum
Temple:   mainiacjoe_temple_starburst

Skill      XL: |  1  2  3  4  5  6  7  8  9 10 11 |
---------------+----------------------------------+-----
Stealth        | 3 4 5 6 |  6.0
Spellcasting   | 3 4 5 7 9 |  9.3
Conjurations   | 2 3 4 5 6 7 |  7.5
Fire Magic     | 4 5 6 7 9 |  9.4
Fighting       | 1 2 |  2.1
Hexes          | 1 2 |  2.0
Short Blades   | 3 4 |  4.1
Dodging        | 3 4 |  4.5
Evocations     | 1 |  1.2
Shields        | 1 |  1.2
Invocations    | |  0.3

Action                   |  1- 3 |  4- 6 |  7- 9 | 10-12 || total
-------------------------+-------+-------+-------+-------++-------
Melee: Unarmed           |     9 |       |       |       ||     9
       Tentacles         |     3 |       |    23 |     5 ||    31
       Constrict         |     2 |       |    15 |     4 ||    21
       Dagger            |       |     2 |    25 |       ||    27
       Short sword       |       |       |    48 |    19 ||    67
 Cast: Foxfire           |    64 |   131 |   147 |   121 ||   463
       Inner Flame       |       |       |     7 |    14 ||    21
       Scorch            |       |       |    25 |    31 ||    56
       Conjure Flame     |       |       |     7 |     2 ||     9
       Flame Wave        |       |       |       |     9 ||     9
Invok: Channel Magic     |       |       |       |     2 ||     2
Evoke: Wand              |       |       |       |    11 ||    11
  Use: Potion            |       |       |     7 |     7 ||    14
       Scroll            |       |       |     5 |    17 ||    22
 Stab: Sleeping          |       |       |    11 |       ||    11
Armor: Skin              |     6 |     1 |    24 |    67 ||    98
Dodge: Dodged            |    19 |    10 |    56 |    58 ||   143
Block: Buckler           |       |       |       |    34 ||    34
       Reflection        |       |       |       |     2 ||     2

Table legend: (Time is in decaauts)
 A = Elapsed time spent in this place.
 B = Non-inter-level travel time spent in this place.
 C = Inter-level travel time spent in this place.
 D = Time resting spent in this place.
 E = Time spent auto-exploring this place.
 F = Levels seen in this place.
 G = Mean time per level.
                   A        B        C        D        E       F      G
               +--------+--------+--------+--------+--------+-----+--------+
         Total |  13586 |  13363 |    223 |    903 |   9553 |  13 | 1045.1 |
       Dungeon |  11446 |  11276 |    170 |    785 |   8097 |  10 | 1144.6 |
        Temple |    308 |    255 |     53 |      0 |    243 |   1 |  308.0 |
         Sewer |   1301 |   1301 |      0 |      0 |    985 |   1 | 1301.0 |
       Ossuary |    529 |    529 |      0 |    118 |    228 |   1 |  529.0 |
               +--------+--------+--------+--------+--------+-----+--------+

Top non-repeatable levels by time:
     D:8: 2344 daAuts
     D:5: 1612 daAuts
   Sewer: 1301 daAuts
     D:6: 1235 daAuts
     D:2: 1007 daAuts
     D:3: 1006 daAuts
     D:1: 1005 daAuts
     D:4: 1002 daAuts
    D:10: 993 daAuts
     D:7: 832 daAuts
 Ossuary: 529 daAuts
     D:9: 407 daAuts
  Temple: 308 daAuts
